 Dungeon Crawl Stone Soup version 0.29.1-1-gd02db6906a (webtiles) character file.

Game seed: 1800456497651986707

2261 Animoz the Protected (level 9, -7/81 HPs)
             Began as a Minotaur Fighter on Sept 16, 2022.
             Was an Initiate of Gozag.
             Mangled by an orc warrior
             ... wielding a +0 glaive
              (20 damage)
             ... on level 8 of the Dungeon.
             The game lasted 00:33:40 (8607 turns).

Animoz the Protected (Minotaur Fighter)             Turns: 8607, Time: 00:33:40

Health: -7/81      AC: 14    Str: 30    XL:     9   Next: 15%
Magic:  8/8        EV:  8    Int:  5    God:    Gozag
Gold:   130        SH:  0    Dex: 11    Spells: 8/8 levels left

rFire   . . .      SeeInvis .   a - +0 trident (vorpal)
rCold   . . .      Faith    .   v - orb {mayhem}
rNeg    . . .      Spirit   .   h - +0 plate armour
rPois   .          Reflect  .   (helmet restricted)
rElec   .          Harm     .   (no cloak)
rCorr   .          Rampage  .   (no gloves)
Will    .....                   (no boots)
Stlth   ..........              (no amulet)
HPRegen 0.23/turn               i - +6 ring of strength
MPRegen 0.11/turn               (no ring)

@: gold aura
A: horns 2, retaliatory headbutt
a: Renounce Religion, Potion Petition, Call Merchant, Bribe Branch


You were on level 8 of the Dungeon.
You worshipped Gozag.
Gozag was aware of your devotion.
You visited 2 branches of the dungeon, and saw 9 of its levels.

You collected 441 gold pieces.
You spent 231 gold pieces at shops.
You paid 80 gold pieces to Gozag.

Inventory:

Hand Weapons
 a - a +0 vorpal trident (weapon)
 l - a +1 dagger of holy wrath
 o - a +2 demon blade of freezing
 p - a +0 whip
 w - a +1 dagger of venom
 J - a +0 vorpal shortbow
 K - a +1 short sword of flaming
Missiles
 r - 9 poisoned darts (quivered)
 x - 4 boomerangs
 A - 2 throwing nets
Armour
 c - a +0 buckler
 h - a +0 plate armour (worn)
 n - a +2 helmet
 v - an orb of mayhem (worn)
 I - an orb of energy
Magical Staves
 u - a staff of conjuration
Jewellery
 i - a +6 ring of strength (left hand)
 k - a ring of magical power
 m - a ring of see invisible
 M - an amulet of magic regeneration
Wands
 t - a wand of quicksilver (17)
 D - a wand of flame (27)
Scrolls
 b - a scroll of butterflies {unknown}
 e - 2 scrolls of teleportation
 y - a scroll of fear {unknown}
 C - 4 scrolls of identify {unknown}
 F - a scroll of brand weapon
 G - a scroll of blinking
 H - a scroll of magic mapping
 L - a scroll of enchant armour {unknown}
Potions
 d - 3 potions of might
 f - 4 potions of haste
 g - 5 potions of curing
 j - 4 potions of heal wounds
 q - 2 potions of resistance {unknown}
 s - 4 potions of degeneration {unknown}
 z - a potion of cancellation {unknown}
 B - a potion of attraction {unknown}
 E - 2 potions of lignification {unknown}


   Skills:
 + Level 7.9 Fighting
 + Level 9.0 Polearms
 + Level 0.3 Throwing
 + Level 9.4 Armour
 + Level 1.0 Dodging
 + Level 0.1 Stealth
 + Level 4.8 Shields
 + Level 0.1 Evocations


You had 8 spell levels left.
You didn't know any spells.
Your spell library contained the following spells:

 Spells                   Type           Power      Damage    Failure   Level
 Slow                     Hex            0%         N/A       98%         1
 Scorch                   Fire           0%         2d5       99%         2
 Confusing Touch          Hex            0%         N/A       100%        3
 Frozen Ramparts          Ice            0%         1d1       100%        3
 Gell's Gravitas          Tloc           0%         N/A       100%        3
 Teleport Other           Tloc           0%         N/A       100%        3
 Vampiric Draining        Necr           0%         2d6       100%        3
 Airstrike                Air            0%         2d(0-16)  100%        4
 Flame Wave               Conj/Fire      0%         2d4       100%        4
 Ice Form                 Ice/Tmut       0%         N/A       100%        4
 Summon Ice Beast         Ice/Summ       0%         N/A       100%        4
 Summon Lightning Spire   Summ/Air       0%         N/A       100%        4
 Lightning Bolt           Conj/Air       0%         1d11      100%        5
 Dispersal                Tloc           0%         N/A       100%        6
 Summon Cactus Giant      Summ           0%         N/A       100%        6


Dungeon Overview and Level Annotations

Branches:
Dungeon (8/15)             Temple (1/1) D:7
   Lair: D:8-11

Altars:
Ashenzari
Dithmenos
Elyvilon
Fedhas
Gozag
Hepliaklqana
Makhleb
Nemelex Xobeh
Okawaru
Qazlal
Ru
Sif Muna
Uskayaw
Vehumet
Wu Jian
Xom
Yredelemnul
Zin
The Shining One

Shops:
D:2 (   D:7 !   D:8 !


Innate Abilities, Weirdness & Mutations

You have a pair of horns on your head.
You reflexively headbutt those who attack you in melee.


Message History

You barely miss the orc warrior.
The orc warrior is moderately wounded.
The orc priest barely misses you.
The orc warrior hits you with a +0 glaive.
You hit the orc warrior but do no damage.
The orc warrior is moderately wounded.
The orc priest hits you with a +0 flail!
The orc warrior hits you with a +0 glaive.
The orc priest hits you with a +0 flail.
* * * LOW HITPOINT WARNING * * *
You hit the orc warrior but do no damage.
Your headbutt misses the orc warrior.
The orc warrior is moderately wounded.
The orc priest hits you with a +0 flail.
* * * LOW HITPOINT WARNING * * *
The orc warrior hits you with a +0 glaive.
* * * LOW HITPOINT WARNING * * *
Unknown command.
You feel much better.
The orc priest hits you but does no damage.
The orc warrior hits you with a +0 glaive!
The orc priest hits you but does no damage.
You puncture the orc warrior! You headbutt the orc warrior.
The orc warrior is heavily wounded.
The orc priest hits you with a +0 flail.
* * * LOW HITPOINT WARNING * * *
The orc warrior hits you with a +0 glaive.
* * * LOW HITPOINT WARNING * * *
You feel better.
The orc priest hits you with a +0 flail.
The orc warrior hits you with a +0 glaive!
* * * LOW HITPOINT WARNING * * *
The orc priest hits you with a +0 flail.
* * * LOW HITPOINT WARNING * * *
You hit the orc warrior. You headbutt the orc warrior.
The orc warrior is almost dead.
The orc priest barely misses you.
The orc warrior hits you with a +0 glaive!!
You die...
Your body crumbles into a pile of gold.

..#...........#
..'...........#
..#...........#
..#...........#
..#......##'###
..#......#....# .
..#......#....#######...
..#......#..⌠.⌠..o......
..#......#..._..@$......
##
..#......#..⌠?⌠..o......
##.
..#......#..............
#..
..#......+...#..........
#..
+##......#####..........
#.. ..#######.
......./... #..
...#....# ............
#.. ...#....#
............. #..
...#....# #..


You could see an orc warrior and a neutral orc priest (fast, strong, insane).

Vanquished Creatures
  Grinder (D:6)
  A water moccasin (D:7)
  A black bear (D:4)
  2 centaurs (D:7)
  A phantom (D:6)
  A bullfrog (D:6)
  A gnoll sergeant (D:6)
  A scorpion (D:6)
  3 wights (D:6)
  4 killer bees (D:8)
  8 howler monkeys
  A quasit (D:5)
  4 jellies
  3 hounds
  3 orc priests
  A gnoll bouda (D:7)
  An orc wizard (D:8)
  An iguana (D:6)
  8 gnolls
  6 adders
  2 shadow imps (D:5)
  3 white imps
  5 ufetubi
  3 worms (D:2)
  6 dart slugs
  17 orcs
  4 ball pythons
  7 endoplasms
  4 giant cockroaches
  6 goblins
  3 hobgoblins
  8 jackals
  3 kobolds
  2 quokkas
  5 bats
  A frilled lizard (D:2)
  3 rats
134 creatures vanquished.

Vanquished Creatures (collateral kills)
  A killer bee (D:8)
  A jelly (D:7)
  3 orc wizards (D:4)
  2 gnolls (D:6)
  5 orcs
12 creatures vanquished.

Vanquished Creatures (others)
  A demonic plant (D:5)
1 creature vanquished.

Grand Total: 147 creatures vanquished

Notes
Turn   | Place    | Note
-------+----------+-------------------------------------------
     0 | D:1      | Animoz the Minotaur Fighter began the quest for the Orb.
     0 | D:1      | Reached XP level 1. HP: 19/19 MP: 0/0
    82 | D:1      | Reached XP level 2. HP: 20/27 MP: 1/1
   514 | D:2      | Found Ylebopei's Antique Weapon Boutique.
   689 | D:2      | Reached XP level 3. HP: 33/33 MP: 2/2
  1231 | D:3      | Reached XP level 4. HP: 40/41 MP: 3/3
  1457 | D:3      | Found a blossoming altar of Fedhas.
  1843 | D:4      | Reached XP level 5. HP: 47/47 MP: 4/4
  1958 | D:4      | Noticed a black bear
  1965 | D:4      | Killed a black bear
  1978 | D:4      | Reached skill level 5 in Fighting
  1978 | D:4      | Reached XP level 6. HP: 30/56 MP: 5/5
  1980 | D:4      | Reached skill level 5 in Polearms
  2010 | D:4      | Reached skill level 5 in Armour
  3641 | D:5      | Entered Level 5 of the Dungeon
  4263 | D:5      | Found an iron altar of Okawaru.
  4944 | D:6      | Reached XP level 7. HP: 56/61 MP: 6/6
  5168 | D:6      | Noticed Grinder
  5180 | D:6      | Killed Grinder
  5338 | D:6      | Found a basalt altar of Yredelemnul.
  5507 | D:6      | Reached XP level 8. HP: 68/70 MP: 7/7
  6365 | D:7      | Reached skill level 1 in Dodging
  6931 | D:7      | Found Ydghanua's Distillery.
  6940 | D:7      | Bought a potion of heal wounds for 55 gold pieces
  6940 | D:7      | Bought a potion of curing for 33 gold pieces
  6940 | D:7      | Bought a potion of curing for 33 gold pieces
  7129 | D:7      | Found a staircase to the Ecumenical Temple.
  7135 | Temple   | Entered the Ecumenical Temple
  7359 | Temple   | Became a worshipper of Gozag Ym Sagoz the Greedy
  7711 | D:7      | Found a hide-covered altar of Uskayaw.
  7774 | D:8      | Found Souxuon's Distillery.
  7780 | D:8      | Bought a potion of heal wounds for 55 gold pieces
  7780 | D:8      | Bought a potion of heal wounds for 55 gold pieces
  7864 | D:8      | Reached XP level 9. HP: 64/79 MP: 8/8
  8023 | D:8      | Found a burning altar of Makhleb.
  8585 | D:8      | Found a sparkling altar of Nemelex Xobeh.
  8607 | D:8      | Mangled by an orc warrior

Illustrated notes

Levels and vault maps discovered:
D:1:      eino_arrival_tree_alley, layout_loops_ring, basic_ecumenical_altar,
          hangedman_decor_push
D:2:      layout_rooms, serial_shops, shop, minivault_4
D:3:      layout_rooms, fedhas_ov_isle_minmay
D:4:      layout_rooms, nicolae_elevator_lobby_asterisk
D:5:      layout_basic, mainiacjoe_overflow_alcove_1, serial_demonic,
          serial_demonic_a, serial_demonic_a, serial_demonic_f, serial_demonic_f
D:6:      layout_basic, mainiacjoe_overflow_concentric_impassable, uniq_grinder
D:7:      layout_rooms, mainiacjoe_overflow_alcove_2,
          minmay_temple_entry_proselytizer, serial_shops, shop
D:8:      layout_gridville, lightli_temple_of_fire,
          nemelex_xobeh_ov_fountains_minmay, serial_shops,
          nicolae_shop_hallway_stairs
Temple:   nicolae_temple_bog_church

Skill      XL: |  1  2  3  4  5  6  7  8  9 |
---------------+----------------------------+-----
Armour         | 4 5 7 8 9 |  9.4
Shields        | 4 |  4.8
Fighting       | 4 5 6 7 |  7.9
Polearms       | 3 4 5 7 8 9 |  9.0
Dodging        | 1 |  1.0
Throwing       | |  0.3
Stealth        | |  0.1
Evocations     | |  0.1

Action                   |  1- 3 |  4- 6 |  7- 9 || total
-------------------------+-------+-------+-------++-------
Melee: Trident           |    76 |   138 |   148 ||   362
       Headbutt          |    10 |    17 |    32 ||    59
Throw: Dart              |       |       |     1 ||     1
Evoke: Wand              |       |       |     1 ||     1
  Use: Potion            |       |     1 |     2 ||     3
       Scroll            |       |     7 |     1 ||     8
Armor: Scale mail        |     9 |       |       ||     9
       Plate armour      |    53 |   101 |   101 ||   255
Dodge: Dodged            |    25 |    46 |    74 ||   145
Block: Buckler           |    17 |     8 |       ||    25
